 Dungeon Crawl Stone Soup version 0.30-a0-141-g30f27751c5 (webtiles) character file.

Game seed: 15914919814145974695

1157 qw the Cleaver (level 8, -8/49 HPs)
             Began as a Gargoyle Fighter on Sept 25, 2022.
             Mangled by Duvessa
             ... wielding a +2 short sword of venom
              (14 damage)
             ... on level 4 of the Dungeon.
             The game lasted 00:01:38 (4129 turns).

qw the Cleaver (Gargoyle Fighter)                   Turns: 4129, Time: 00:01:39

Health: -8/49      AC: 17    Str: 28    XL:     8   Next: 39%
Magic:  8/8        EV:  7    Int:  9    God:
Gold:   169        SH:  8    Dex:  5    Spells: 7/7 levels left

rFire   + . .      SeeInvis +    Y - +0 war axe
rCold   . . .      Faith    .    c - +0 buckler
rNeg    + + .      Spirit   .    n - +0 plate armour
rPois   inf        Reflect  +    (no helmet)
rElec   +          Harm     .    (no cloak)
rCorr   .          Rampage  .    (no gloves)
Will    .....                    (no boots)
Stlth   ..........               a - amulet of Ysmodwiwk {Reflect rN+ Str+6 Dex-4 SH+5 SInv}
HPRegen 0.16/turn                m - ring of protection from fire
MPRegen 0.11/turn                (no ring)

@: no status effects
A: sickness immunity, AC +5, negative energy resistance 1, electricity
resistance, torment resistance 1, petrification resistance
a: no special abilities


You were on level 4 of the Dungeon.
You visited 1 branch of the dungeon, and saw 4 of its levels.

You collected 169 gold pieces.


Innate Abilities, Weirdness & Mutations

You are immune to sickness and miasma.
Your stone body is resilient. (AC +5)
You are immune to poison.
You resist negative energy. (rN+)
You are resistant to electric shocks. (rElec)
You are resistant to unholy torment.
You are immune to petrification.


   Skills:
 + Level 5.0 Fighting
 - Level 8.0 Axes
 - Level 4.5 Armour
 - Level 3.2 Shields


You had 7 spell levels left.
You didn't know any spells.
Your spell library was empty.

Inventory:

Hand Weapons
 i - a +2 vorpal flail
 Y - a +0 war axe (weapon)
Armour
 c - a +0 buckler (worn)
 n - a +0 plate armour (worn)
Jewellery
 a - the amulet of Ysmodwiwk (around neck) {Reflect rN+ Str+6 Dex-4 SH+5 SInv}
   (You found it on level 3 of the Dungeon)

   [amulet of reflection]

   It reflects blocked missile attacks.
   Str:       It affects your strength (+6).
   Dex:       It affects your dexterity (-4).
   rN:        It protects you from negative energy.
   SInv:      It lets you see invisible.
   SH:        It affects your SH (+5).
 f - a ring of ice
 g - a ring of see invisible
 j - an amulet of magic regeneration
 m - a ring of protection from fire (left hand)
Scrolls
 k - a scroll of identify
Potions
 b - a potion of curing
 d - 2 potions of might
 e - a potion of lignification
 h - a potion of berserk rage {unknown}
 l - 3 potions of mutation

Dungeon Overview and Level Annotations

Branches:
Dungeon (4/15)
 Temple: D:4-7

Altars:
Ru
Vehumet

Annotations:
D:4 Duvessa


Message History

You hit Duvessa but do no damage. Dowan hits you with a +0 dagger.
You block Duvessa's attack.
Duvessa hits you with a +2 short sword of venom.
Dowan mumbles some strange words.
Dowan blinks!
You barely miss Duvessa. Dowan gestures at you while chanting.
You resist with some effort. You block Duvessa's attack.
You hit Duvessa but do no damage. You block Duvessa's attack.
Dowan points at you and mumbles some strange words.
The puff of frost misses you.
You slash Duvessa!
Duvessa is moderately wounded.
Duvessa hits you but does no damage.
Dowan points at Duvessa and mumbles some strange words.
Duvessa seems to speed up.
You hit Duvessa but do no damage.
Duvessa is moderately wounded.
You block Duvessa's attack. Duvessa hits you but does no damage.
You hit Duvessa.
Duvessa is moderately wounded.
Duvessa hits you with a +2 short sword of venom!
Dowan gestures at you while chanting.
The puff of frost hits you but does no damage.
You hit Duvessa but do no damage.
Duvessa is moderately wounded.
You block Duvessa's attack.
Duvessa hits you with a +2 short sword of venom.
You slash Dowan!
You kill Dowan!
Duvessa screams, "No!
How DARE you!"
Duvessa goes berserk!
You barely miss Duvessa.
Duvessa hits you with a +2 short sword of venom!
Duvessa barely misses you.
Your Axes skill increases to level 8!
You hit Duvessa but do no damage.
Duvessa is moderately wounded.
Duvessa hits you with a +2 short sword of venom! x2
You die...

#.##.###)#
#+#
#........#
##.....###
#.#.#.##
###.#....####
#...........+
#.#.#....####
#.#.#..#
#..@...#
#....)e..#
#####.####
#+# ... #.#
... #.# .....
##.## ....<
..####...###
.......
#...........
####....##


You could see Duvessa (berserk, fast).

Vanquished Creatures
  Grinder (D:3)
  Sigmund (D:3)
  Edmund (D:4)
  An acid dragon (D:4)
  A phantom (D:4)
  Blork the orc (D:4)
  Dowan (D:4)
  A jelly (D:4)
  An orc priest (D:4)
  A centaur skeleton (D:4)
  Terence (D:2)
  2 orc wizards (D:4)
  Natasha (thrice) (D:3)
  2 hound zombies (D:4)
  2 hound skeletons (D:4)
  2 adders (D:3)
  4 worms
  2 dart slugs (D:2)
  2 orcs (D:4)
  7 ball pythons
  6 bats
  6 endoplasms
  A giant cockroach (D:4)
  8 goblins
  2 hobgoblins
  8 kobolds
  3 quokkas
  5 frilled lizards
  9 rats
85 creatures vanquished.

Vanquished Creatures (others)
  5 withered plants (D:4)
5 creatures vanquished.

Grand Total: 90 creatures vanquished

Notes
Turn   | Place    | Note
-------+----------+-------------------------------------------
     0 | D:1      | qw the Gargoyle Fighter began the quest for the Orb.
     0 | D:1      | Reached XP level 1. HP: 14/14 MP: 1/1
     0 | D:1      | 0 ||| qw: Version: 0.2-a-9-ge00f85e
     0 | D:1      | 0 ||| qw: Game counter: 85
     0 | D:1      | 0 ||| qw: Always use a shield: true
     0 | D:1      | 0 ||| qw: God list: Okawaru
     0 | D:1      | 0 ||| qw: Allow faded altars: false
     0 | D:1      | 0 ||| qw: Do Orc after D:15 true
     0 | D:1      | 0 ||| qw: Do second Lair branch before Depths: true
     0 | D:1      | 0 ||| qw: Lair rune preference: random
     0 | D:1      | 0 ||| qw: Plans: Normal, Zot:1-4, God:TSO, Crypt, Tomb,
                  | Pan, Slime:5, Hells, Abyss, Orb
     0 | D:1      | 0 ||| PLANNING D:1-11
    38 | D:1      | 38 ||| Stepping ~*~*~tactically~*~*~ (stealth).
    44 | D:1      | Reached skill level 2 in Axes
   344 | D:1      | Reached XP level 2. HP: 16/19 MP: 2/2
   754 | D:1      | Reached skill level 3 in Axes
   791 | D:1      | 791 ||| DROPPING +0 club.
   912 | D:1      | 912 ||| DROPPING +6 ring of intelligence.
   913 | D:1      | 913 ||| UPGRADING to ring of see invisible.
   914 | D:1      | 914 ||| DROPPING ring of flight.
   915 | D:1      | 915 ||| READING scroll labelled CIAL VIKUENT.
   920 | D:1      | 920 ||| READING scroll labelled HUPLAHO CEST.
   972 | D:2      | Found a faded altar of an unknown god.
  1008 | D:2      | Noticed Terence
  1009 | D:2      | 1009 ||| FLEEEEING.
  1012 | D:2      | 1012 ||| STAIRDANCE
  1043 | D:2      | 1043 ||| Stepping ~*~*~tactically~*~*~ (hiding).
  1045 | D:2      | 1045 ||| Stepping ~*~*~tactically~*~*~ (hiding).
  1055 | D:2      | Killed Terence
  1056 | D:2      | Reached XP level 3. HP: 23/23 MP: 3/3
  1133 | D:2      | 1133 ||| FLEEEEING.
  1136 | D:2      | 1136 ||| STAIRDANCE
  1179 | D:2      | 1179 ||| Stepping ~*~*~tactically~*~*~ (stealth).
  1291 | D:2      | Reached XP level 4. HP: 28/28 MP: 4/4
  1520 | D:2      | Reached skill level 4 in Axes
  1753 | D:2      | 1753 ||| READING scroll labelled ZETO QAMMA.
  1754 | D:2      | 1754 ||| READING scroll labelled PEETSO BETH.
  1803 | D:3      | Identified the amulet of Ysmodwiwk {Reflect rN+ Str+6 Dex-4
                  | SH+5 SInv}
  1814 | D:3      | 1814 ||| Stepping ~*~*~tactically~*~*~ (stealth).
  1815 | D:3      | 1815 ||| Stepping ~*~*~tactically~*~*~ (stealth).
  1847 | D:3      | Noticed Grinder
  1848 | D:3      | 1848 ||| Stepping ~*~*~tactically~*~*~ (hiding).
  1851 | D:3      | 1851 ||| Stepping ~*~*~tactically~*~*~ (hiding).
  1859 | D:3      | 1859 ||| Stepping ~*~*~tactically~*~*~ (hiding).
  1862 | D:3      | 1862 ||| Stepping ~*~*~tactically~*~*~ (hiding).
  1863 | D:3      | 1863 ||| FLEEEEING.
  1867 | D:3      | 1867 ||| STAIRDANCE
  1922 | D:2      | 1922 ||| UPGRADING to +0 chain mail.
  1932 | D:2      | 1932 ||| DROPPING +0 scale mail.
  1933 | D:2      | 1933 ||| UPGRADING to amulet of Ysmodwiwk {Reflect rN+
                  | Str+6 Dex-4 SH+5 SInv}.
  1938 | D:2      | 1938 ||| REMOVING ring of see invisible.
  1947 | D:3      | 1947 ||| Stepping ~*~*~tactically~*~*~ (hiding).
  1961 | D:3      | Noticed Natasha
  1963 | D:3      | Paralysed by Grinder for 2 turns
  1965 | D:3      | 1965 ||| Stepping ~*~*~tactically~*~*~ (hiding).
  1973 | D:3      | HP: 4/28 [Natasha (8)]
  1974 | D:3      | 1974 ||| DRINKING potion of heal wounds.
  1976 | D:3      | Killed Natasha
  1976 | D:3      | Paralysed by Grinder for 2 turns
  1990 | D:3      | Killed Grinder
  1991 | D:3      | Reached skill level 6 in Axes
  1991 | D:3      | Reached XP level 5. HP: 16/32 MP: 5/5
  1991 | D:3      | Reached XP level 6. HP: 18/37 MP: 6/6
  2109 | D:3      | 2109 ||| FLEEEEING.
  2115 | D:3      | 2115 ||| STAIRDANCE
  2187 | D:3      | Noticed Natasha
  2194 | D:3      | Killed Natasha
  2200 | D:3      | Noticed Natasha
  2206 | D:3      | Killed Natasha
  2680 | D:3      | Noticed Sigmund
  2694 | D:3      | Killed Sigmund
  2695 | D:3      | Reached XP level 7. HP: 27/43 MP: 7/7
  3134 | D:3      | 3134 ||| UPGRADING to +0 plate armour.
  3144 | D:3      | 3144 ||| DROPPING +0 chain mail.
  3145 | D:3      | 3145 ||| DROPPING amulet of reflection.
  3146 | D:3      | 3146 ||| UPGRADING to ring of protection from fire.
  3147 | D:3      | 3147 ||| DRINKING 2 purple potions.
  3169 | D:3      | 3169 ||| READING 3 scrolls of identify.
  3169 | D:3      | 3169 ||| IDENTIFYING black potion
  3170 | D:3      | 3170 ||| READING 2 scrolls of identify.
  3170 | D:3      | 3170 ||| IDENTIFYING bubbling ruby potion
  3279 | D:4      | Noticed Edmund
  3296 | D:4      | Reached skill level 7 in Axes
  3303 | D:4      | Killed Edmund
  3495 | D:4      | 3495 ||| DROPPING +0 whip.
  3541 | D:4      | 3541 ||| Stepping ~*~*~tactically~*~*~ (hiding).
  3545 | D:4      | HP: 11/44 [acid dragon/splash of acid (16)]
  3546 | D:4      | 3546 ||| DRINKING potion of heal wounds.
  3548 | D:4      | Reached XP level 8. HP: 16/49 MP: 8/8
  3550 | D:4      | HP: 10/49 [acid (1)]
  3607 | D:4      | 3607 ||| Stepping ~*~*~tactically~*~*~ (stealth).
  3798 | D:4      | Found a sacrificial altar of Ru.
  3799 | D:4      | Found a radiant altar of Vehumet.
  3836 | D:4      | 3836 ||| Stepping ~*~*~tactically~*~*~ (hiding).
  3837 | D:4      | 3837 ||| Stepping ~*~*~tactically~*~*~ (stealth).
  3839 | D:4      | 3839 ||| Stepping ~*~*~tactically~*~*~ (hiding).
  3840 | D:4      | 3840 ||| Stepping ~*~*~tactically~*~*~ (hiding).
  3845 | D:4      | 3845 ||| FLEEEEING.
  3846 | D:4      | 3846 ||| FLEEEEING.
  3847 | D:4      | 3847 ||| FLEEEEING.
  3848 | D:4      | 3848 ||| FLEEEEING.
  3849 | D:4      | 3849 ||| FLEEEEING.
  3850 | D:4      | 3850 ||| FLEEEEING.
  3853 | D:4      | 3853 ||| FLEEEEING.
  3856 | D:4      | 3856 ||| FLEEEEING.
  3857 | D:4      | 3857 ||| FLEEEEING.
  3858 | D:4      | 3858 ||| FLEEEEING.
  3859 | D:4      | 3859 ||| FLEEEEING.
  3860 | D:4      | 3860 ||| FLEEEEING.
  3862 | D:4      | 3862 ||| FLEEEEING.
  3866 | D:4      | 3866 ||| FLEEEEING.
  3867 | D:4      | 3867 ||| FLEEEEING.
  3868 | D:4      | 3868 ||| FLEEEEING.
  3869 | D:4      | 3869 ||| FLEEEEING.
  3870 | D:4      | 3870 ||| FLEEEEING.
  3872 | D:4      | 3872 ||| Stepping ~*~*~tactically~*~*~ (stealth).
  3873 | D:4      | 3873 ||| FLEEEEING.
  3875 | D:4      | 3875 ||| Stepping ~*~*~tactically~*~*~ (hiding).
  4093 | D:4      | Noticed Blork the orc
  4099 | D:4      | Killed Blork the orc
  4115 | D:4      | Noticed Dowan
  4116 | D:4      | 4116 ||| Stepping ~*~*~tactically~*~*~ (hiding).
  4117 | D:4      | Noticed Duvessa
  4128 | D:4      | Killed Dowan
  4129 | D:4      | Reached skill level 8 in Axes
  4129 | D:4      | HP: 6/49 [Duvessa/+2 short sword of venom (14)]
  4129 | D:4      | Mangled by Duvessa

Levels and vault maps discovered:
D:1:      dpeg_arrival_pits, layout_basic
D:2:      layout_rooms, nicolae_ecumenical_oubliette, minmay_crystal_room,
          uniq_terence
D:3:      layout_basic, uniq_grinder, uniq_sigmund, uniq_natasha
D:4:      layout_loops_corners, gammafunk_temple_overflow_pools,
          nicolae_overflow_hidden_temple, serial_undead, serial_undead_f,
          serial_undead_d, serial_undead_b, serial_undead_c, uniq_blork_the_orc,
          uniq_duvessa, uniq_edmund

Skill      XL: |  1  2  3  4  5  6  7  8 |
---------------+-------------------------+-----
Axes           | 2 3 6 7 8 |  8.0
Fighting       | 4 5 |  5.0
Armour         | 4 |  4.5
Shields        | |  3.2

Action                   |  1- 3 |  4- 6 |  7- 9 || total
-------------------------+-------+-------+-------++-------
Melee: War axe           |    78 |   120 |    92 ||   290
       Unarmed           |     6 |       |       ||     6
  Use: Scroll            |     2 |     2 |     2 ||     6
       Potion            |       |     1 |     2 ||     3
 Stab: Confused          |     1 |       |       ||     1
Armor: Scale mail        |    34 |     8 |       ||    42
       Skin              |     1 |       |       ||     1
       Chain mail        |       |    29 |     5 ||    34
       Plate armour      |       |       |    57 ||    57
Dodge: Dodged            |    33 |    28 |    19 ||    80
Block: Buckler           |    21 |    28 |    39 ||    88

Table legend:
 A = Non-vault XP
 B = Vault XP
 C = Vault XP percentage of total XP
 D = Non-vault monster count
 E = Vault monster count
 F = Vault count percentage of total count
                 A         B        C        D         E       F
            +---------+---------+-------+---------+---------+-------
      Total |     522 |    1131 |  68.4 |      72 |      13 |  15.3
            +---------+---------+-------+---------+---------+-------
        D:1 |      32 |       0 |   0.0 |      21 |       0 |   0.0
        D:2 |      38 |      36 |  48.6 |      17 |       1 |   5.6
        D:3 |     130 |     542 |  80.7 |      22 |       3 |  12.0
        D:4 |     322 |     553 |  63.2 |      12 |       9 |  42.9
            +---------+---------+-------+---------+---------+-------
